 Dungeon Crawl Stone Soup version 0.28.0-53-g5a82cb258f (webtiles) character file.

Game seed: 4646691280776325566

849 ILmort the Digger (level 8, -5/43 HPs)
             Began as a Gargoyle Earth Elementalist on Aug 13, 2022.
             Slain by a wyvern skeleton (6 damage)
             ... on level 5 of the Dungeon.
             The game lasted 00:24:55 (5716 turns).

ILmort the Digger (Gargoyle Earth Elementalist)     Turns: 5716, Time: 00:24:55

Health: -5/43      AC:  8    Str: 13    XL:     8   Next: 1%
Magic:  15/15      EV: 19    Int: 17    God:
Gold:   167        SH:  0    Dex: 10    Spells: 13/17 levels left

rFire   . . .      SeeInvis .   q - +4 quarterstaff (chaos)
rCold   . . .      Faith    .   (shield currently unavailable)
rNeg    + . .      Spirit   .   b - +0 robe
rPois   ∞          Reflect  .   (no helmet)
rElec   +          Harm     .   (no cloak)
rCorr   .          Rampage  .   (no gloves)
Will    .....                   a - +0 pair of boots
Stlth   ++........              (no amulet)
HPRegen 0.14/turn               l - +4 ring of evasion
MPRegen 0.14/turn               r - +4 ring of evasion

@: no status effects
A: sickness immunity, AC +5, negative energy resistance 1, electricity
resistance, torment resistance 1, petrification resistance
a: no special abilities


You were on level 5 of the Dungeon.
You visited 1 branch of the dungeon, and saw 5 of its levels.

You collected 167 gold pieces.

Inventory:

Hand Weapons
 f - a +1 dagger of venom
 j - a +3 club
 q - a +4 quarterstaff of chaos (weapon)
Missiles
 c - 73 stones
Armour
 a - a +0 pair of boots (worn)
 b - a +0 robe (worn)
 h - a +0 helmet
 p - a +0 cloak
 x - a +0 cloak
Jewellery
 l - a +4 ring of evasion (left hand)
 r - a +4 ring of evasion (right hand)
 t - an amulet of guardian spirit
 u - an amulet of the acrobat
Wands
 i - a wand of flame (17)
Scrolls
 d - 3 scrolls of fear {unknown}
 e - a scroll of fog {unknown}
 g - 4 scrolls of identify {unknown}
 m - a scroll of immolation {unknown}
 s - a scroll of acquirement {unknown}
 v - 2 scrolls of blinking {unknown}
 w - a scroll of teleportation {unknown}
Potions
 k - 3 potions of curing {unknown}
 n - a potion of flight {unknown}
 o - a potion of haste {unknown}


   Skills:
 - Level 1.1 Fighting
 - Level 1.5 Dodging
 - Level 2.1 Stealth
 + Level 5.1 Spellcasting
 + Level 4.5 Conjurations
 - Level 0.7 Transmutations
 + Level 7.2 Earth Magic


You had 13 spell levels left.
You knew the following spells:

 Your Spells              Type           Power      Damage    Failure   Level
a - Sandblast             Erth           58%        2d13      1%          1
b - Stone Arrow           Conj/Erth      48%        3d10      3%          3

Your spell library contained the following spells:

 Spells                   Type           Power      Damage    Failure   Level
 Passwall                 Tmut/Erth      14%        N/A       4%          2
 Beastly Appendage        Tmut           12%        N/A       11%         1
 Wereblood                Tmut           6%         N/A       16%         2
 Petrify                  Tmut/Erth      17%        N/A       26%         4
 Spider Form              Tmut/Pois      5%         N/A       36%         3
 Portal Projectile        Hex/Tloc       8%         N/A       38%         3
 Tukima's Dance           Hex            4%         N/A       38%         3
 Anguish                  Hex/Necr       2%         N/A       80%         4
 Blade Hands              Tmut           3%         N/A       96%         5
 Excruciating Wounds      Necr           2%         N/A       98%         5
 Enfeeble                 Hex            2%         N/A       100%        7


Dungeon Overview and Level Annotations

Branches:
Dungeon (5/15)
 Temple: D:4-7

Altars:
Xom

Shops:
D:3 [


Innate Abilities, Weirdness & Mutations

You are immune to sickness and miasma.
Your stone body is resilient. (AC +5)
You are immune to poison.
You resist negative energy. (rN+)
You are resistant to electric shocks. (rElec)
You are resistant to unholy torment.
You are immune to petrification.


Message History

Found 9 bolts.
The kobold misses you.
You completely miss the kobold. The kobold hits you but does no damage.
You sock the kobold!
You kill the kobold!
c - 73 stones (gained 3)
Things that are here:
a +0 club; a kobold corpse Done exploring.
Done exploring.
There is a stone staircase leading down here.
You climb downwards.
Found four items.
Found an escape hatch in the ceiling.
Found a stone staircase leading down.
There is a stone staircase leading up here.
You now have 167 gold pieces (gained 9).
A wyvern skeleton and a bullfrog zombie come into view.
Found 12 gold pieces.
You see here 15 gold pieces.
You sock the wyvern skeleton!
The wyvern skeleton suddenly stops moving!
The helpless wyvern skeleton fails to defend itself.
You hit the wyvern skeleton.
The wyvern skeleton flickers and vanishes!
Deactivating autopickup; reactivate with Ctrl-A.
You barely miss something. You sock something! You burn something.
You barely miss something. You hit something but do no damage.
Nothing appears to happen.
You hit something.
Nothing appears to happen.
Something bites you. Something barely misses you.
You barely miss something. Something bites you! x2
Something bites you but does no damage.
You closely miss something. Something bites you! Something closely misses you.
Something bites you.
* * * LOW HITPOINT WARNING * * *
Something bites you.
* * * LOW HITPOINT WARNING * * *
Something bites you.
You die...

...<..!# ......#
.......# $...?.#
..... ≈ #..# .≈
######..####+#.≈≈
#....<@.........≈
#......{........#
#........$.....Z.
#..............8.
#.>......[.......
##..##..###+#....
#+# #..# #.#


PPPP # ..P.P. There were no monsters in sight!

Vanquished Creatures
  Sigmund (D:4)
  A wyvern (D:4)
  A necrophage (D:4)
  A phantom (D:3)
  A scorpion (D:4)
  Crazy Yiuf (D:3)
  Natasha (thrice) (D:4)
  An orc wizard (D:3)
  A hound skeleton (D:4)
  A howler monkey zombie (D:4)
  Robin (D:1)
  5 adders
  An adder skeleton (D:4)
  4 worms
  A dart slug (D:3)
  14 orcs
  4 ball pythons
  6 bats
  4 endoplasms
  A giant cockroach (D:4)
  13 goblins
  9 hobgoblins
  6 jackals
  10 kobolds
  4 quokkas
  3 frilled lizards
  4 rats
102 creatures vanquished.

Notes
Turn   | Place    | Note
-------+----------+-------------------------------------------
     0 | D:1      | ILmort the Gargoyle Earth Elementalist began the quest for
                  | the Orb.
     0 | D:1      | Reached XP level 1. HP: 10/10 MP: 3/3
   322 | D:1      | Reached skill level 4 in Earth Magic
   322 | D:1      | Reached XP level 2. HP: 15/15 MP: 1/5
  1074 | D:2      | Noticed Robin
  1227 | D:1      | Reached XP level 3. HP: 19/19 MP: 5/7
  1312 | D:1      | Killed Robin
  1440 | D:2      | Reached XP level 4. HP: 19/24 MP: 1/8
  1508 | D:2      | Found a faded altar of an unknown god.
  2197 | D:2      | Reached skill level 1 in Fighting
  2317 | D:2      | You fall into a shaft and drop 1 floor!
  2341 | D:3      | Reached skill level 5 in Earth Magic
  2390 | D:3      | Learned a level 3 spell: Stone Arrow
  2408 | D:3      | Found Siacaan's Armour Boutique.
  2595 | D:3      | Found a shimmering altar of Xom.
  2701 | D:3      | Reached XP level 5. HP: 23/29 MP: 6/10
  2825 | D:2      | Reached skill level 1 in Conjurations
  3682 | D:3      | Found a runed translucent door.
  3683 | D:3      | Noticed Crazy Yiuf
  3692 | D:3      | Killed Crazy Yiuf
  4216 | D:4      | Noticed a necrophage
  4397 | D:4      | Reached XP level 6. HP: 23/34 MP: 8/11
  4437 | D:4      | Killed a necrophage
  4541 | D:4      | Reached skill level 6 in Earth Magic
  4694 | D:4      | Noticed a wyvern
  4704 | D:4      | Killed a wyvern
  4705 | D:4      | Reached XP level 7. HP: 15/38 MP: 8/13
  4942 | D:4      | Noticed Natasha
  4954 | D:4      | Killed Natasha
  4958 | D:4      | Noticed Natasha
  4966 | D:4      | Killed Natasha
  5078 | D:4      | Noticed Sigmund
  5098 | D:4      | Noticed Natasha
  5100 | D:4      | Killed Sigmund
  5101 | D:4      | Reached skill level 7 in Earth Magic
  5104 | D:4      | Killed Natasha
  5105 | D:4      | Reached skill level 5 in Spellcasting
  5144 | D:3      | HP: 1/38 [phantom (8)]
  5460 | D:4      | Reached XP level 8. HP: 43/43 MP: 15/15
  5693 | D:5      | Entered Level 5 of the Dungeon
  5716 | D:5      | HP: 1/43 [something (6)]
  5716 | D:5      | Slain by a wyvern skeleton

Illustrated notes

Levels and vault maps discovered:
D:1:      minmay_arrival_arboretum_small, layout_loops_corners
D:2:      layout_basic, ebering_ecumenical_altar_abandoned, uniq_robin
D:3:      layout_loops_ring, mainiacjoe_overflow_24_doors, serial_rivers,
          chequers_serial_rivers_large_a, chequers_serial_rivers_small_3,
          chequers_serial_rivers_micro_c, chequers_serial_rivers_small_3,
          serial_shops, shop, uniq_crazy_yiuf_cottage
D:4:      layout_rooms, minmay_misc_feat_secret_circle, uniq_natasha,
          uniq_sigmund
D:5:      layout_gridville, mainiacjoe_overflow_two_lobes,
          mainiacjoe_overflow_six_doors_small, serial_undead, serial_undead_f,
          serial_undead_d, serial_undead_a, serial_undead_e, minmay_hedge_maze,
          kennysheep_generic_room_15

Skill      XL: |  1  2  3  4  5  6  7 |
---------------+----------------------+-----
Earth Magic    | 4 5 6 7 |  7.2
Spellcasting   | 3 4 5 |  5.1
Fighting       | 1 |  1.1
Conjurations   | 2 3 4 |  4.5
Dodging        | |  1.5
Stealth        | |  2.1
Transmutations | |  0.7

Action                   |  1- 3 |  4- 6 |  7- 9 || total
-------------------------+-------+-------+-------++-------
Melee: Dagger            |    13 |   130 |       ||   143
       Whip              |     2 |       |       ||     2
       Punch             |     2 |     4 |       ||     6
       Quarterstaff      |       |    25 |    40 ||    65
 Cast: Sandblast         |    36 |    27 |    14 ||    77
 Stab: Sleeping          |       |     2 |       ||     2
       Paralysed         |       |       |     1 ||     1
Armor: Robe              |    11 |    31 |    14 ||    56
Dodge: Dodged            |    28 |   101 |    33 ||   162
